 Dungeon Crawl Stone Soup version 0.26-a0-834-g69557b85cc (webtiles) character file.

Game seed: 11960101493176595497

8442 iamoutofideas the Grappler (level 11, 0/109 HPs)
             Began as a Troll Hunter on Nov 17, 2020.
             Was a High Priest of Okawaru.
             Succumbed to a killer bee's poison
             ... on level 10 of the Dungeon.
             The game lasted 00:16:33 (9805 turns).

iamoutofideas the Grappler (Troll Hunter)           Turns: 9805, Time: 00:16:33

Health: 0/109      AC:  9    Str: 31    XL:     11   Next: 10%
Magic:  7/10       EV: 12    Int:  7    God:    Okawaru [*****.]
Gold:   985        SH:  0    Dex: 10    Spells: 10/10 levels left

rFire    + . .     SeeInvis .     - Unarmed
rCold    + + .     Faith    .   (no shield)
rNeg     . . .     Spirit   +   b - +0 robe
rPois    +         Reflect  .   (helmet restricted)
rElec    +         Harm     .   j - +2 cloak
rCorr    +         Rampage  .   (gloves unavailable)
MR       .....                  (boots unavailable)
Stlth    +.........             y - amulet of guardian spirit
HPRegen  0.68/turn              m - ring of protection from cold
MPRegen  0.12/turn              p - +6 ring of strength

@: lethally poisoned (0 -> -6), resistant, hasted, very quick
A: large, unfitting armour, claws 3, regeneration 1, shaggy fur 1, tough skin 3
a: Heroism, Finesse, Renounce Religion


You were on level 10 of the Dungeon.
You worshipped Okawaru.
Okawaru was extremely pleased with you.
You visited 2 branches of the dungeon, and saw 12 of its levels.

You collected 985 gold pieces.

Inventory:

Hand Weapons
 E - the +4 spear of Responsibility {drain, rElec rN+ MP-9}
   (Okawaru gifted it to you on level 10 of the Dungeon)

   A truly terrible weapon, it drains the life of those it strikes.
   It insulates you from electricity.
   It protects you from negative energy.
   It affects your magic capacity (-9).
Missiles
 c - 5 large rocks (quivered)
 d - 4 throwing nets
 g - 347 stones
 r - 7 javelins
 w - 23 poisoned darts
 x - 8 silver boomerangs
 I - 8 boomerangs
Armour
 b - a +0 robe (worn)
 j - a +2 cloak (worn)
Jewellery
 m - a ring of protection from cold (left claw)
 p - a +6 ring of strength (right claw)
 v - an uncursed ring of flight
 y - an amulet of guardian spirit (around neck)
 A - an uncursed ring of protection from cold
 D - a +6 ring of intelligence
Wands
 e - a wand of polymorph (2)
 f - a wand of digging (6)
 h - a wand of iceblast (8)
 l - a wand of paralysis (5)
 n - a wand of flame (36)
 F - a wand of disintegration (8)
Scrolls
 i - 2 scrolls of enchant weapon
 q - 4 scrolls of remove curse
 s - a scroll of fog
 z - 3 scrolls of magic mapping
 B - a scroll of brand weapon
 C - a scroll of immolation
Potions
 a - a potion of magic
 o - a potion of mutation
 t - a potion of cancellation
 G - a potion of brilliance


   Skills:
 + Level 7.0 Fighting
 - Level 8.3 Throwing
 + Level 7.0 Dodging
 - Level 0.4 Stealth
 - Level 10.0 Unarmed Combat


You had 10 spell levels left.
You didn't know any spells.
Your spell library contained the following spells:

 Spells                   Type           Power        Failure   Level
 Animate Skeleton         Necr           #.....       43%         1
 Pain                     Necr           #...         43%         1
 Vampiric Draining        Necr           #.........   80%         3
 Animate Dead             Necr           #.........   99%         4
 Agony                    Necr           #.......     100%        5


Dungeon Overview and Level Annotations

Branches:
Dungeon (11/15)            Temple (1/1) D:5            Lair (0/6) D:9
    Orc: D:9-12

Altars:
Ashenzari
Cheibriados
Dithmenos
Elyvilon
Fedhas
Gozag
Hepliaklqana
Kikubaaqudgha
Makhleb
Nemelex Xobeh
Okawaru
Qazlal
Ru
Sif Muna
Trog
Uskayaw
Vehumet
Wu Jian
Xom
Yredelemnul
Zin
The Shining One
Lugonu

Shops:
D:5 (   D:6 =

Annotations:
D:8 2 transporters, Eryximachus's ghost, novice OpTm


Innate Abilities, Weirdness & Mutations

You are too large for most types of armour.
You have claws for hands.
Your natural rate of healing is unusually fast.
You are covered in fur. (AC +1)
You have extremely tough skin. (AC +3)


Message History

The killer bee closely misses you.
* * * LOW HITPOINT WARNING * * *
You feel sick. The killer bee stings you.
* * * LOW HITPOINT WARNING * * *
* * * LOW HITPOINT WARNING * * *
You feel sick.
* * * LOW HITPOINT WARNING * * *
You feel sick. The killer bee closely misses you.
* * * LOW HITPOINT WARNING * * *
You feel sick.
Okay, then.
* * * LOW HITPOINT WARNING * * *
You feel sick.
* * * LOW HITPOINT WARNING * * *
You feel sick. The killer bee closely misses you.
* * * LOW HITPOINT WARNING * * *
You feel sick.
* * * LOW HITPOINT WARNING * * *
You feel sick.
You die...

.(...................<...........
.................................
.................................
.................................
.........#........#............#.
......#..........................
.....#...........................
#................................
#..............#@#...............
##...#.........#..##.............
#.........†>†..y...#............#
...........†..y#...............##
#.##......#.#y###..............#.
######....##..###..#...........).
#....y.....#...#..........[..
##....##..###.#............#.
##....#### ##...............


You could see 3 killer bees.

Vanquished Creatures
  Harold (D:9)
  Urug (D:10)
  An unseen horror (D:10)
  Pikel (D:4)
  An ugly thing (D:8)
  2 trolls
  A wyvern (D:8)
  2 water moccasins (D:8)
  3 phantoms
  An ice beast (D:9)
  3 orc warriors (D:9)
  2 black bears
  2 ogres (D:9)
  2 centaurs
  7 bullfrogs
  3 scorpions
  A wyvern skeleton (D:8)
  15 killer bees
  A howler monkey (D:8)
  5 wights (D:9)
  An electric eel (D:9)
  A bullfrog zombie (D:6)
  A centaur zombie (D:10)
  6 hounds
  7 orc priests
  Crazy Yiuf (D:3)
  3 bullfrog skeletons
  3 centaur skeletons
  5 jellies
  10 orc wizards
  Ijyb (D:3)
  Terence (D:3)
  Natasha (thrice) (D:3)
  4 iguanas
  7 worker ants
  A hound zombie (D:11)
  2 hound skeletons
  Robin (D:3)
  A worker ant zombie (D:9)
  7 gnolls
  13 adders
  A howler monkey skeleton (D:7)
  5 shadow imps
  4 white imps
  An ufetubus (D:10)
  7 oozes (D:4)
  An adder skeleton (D:4)
  2 adder zombies
  5 worms
  2 dart slugs
  8 leopard geckos
  29 orcs
  5 bats
  8 giant cockroaches
  16 goblins
  3 hobgoblins (D:3)
  27 jackals
  12 kobolds
  4 quokkas
  4 ball pythons
  4 frilled lizards
  A leopard gecko skeleton (D:6)
  7 rats
290 creatures vanquished.

Vanquished Creatures (others)
  7 fungi (D:4)
  7 toadstools (D:4)
14 creatures vanquished.

Grand Total: 304 creatures vanquished

Notes
Turn   | Place    | Note
-------+----------+-------------------------------------------
     0 | D:1      | iamoutofideas the Troll Hunter began the quest for the Orb.
     0 | D:1      | Reached XP level 1. HP: 19/19 MP: 0/0
   256 | D:1      | Reached XP level 2. HP: 26/27 MP: 1/1
   722 | D:1      | Reached skill level 1 in Unarmed Combat
   903 | D:2      | Reached XP level 3. HP: 33/33 MP: 2/2
   983 | D:2      | Reached skill level 2 in Unarmed Combat
  1098 | D:2      | Reached XP level 4. HP: 39/41 MP: 3/3
  1098 | D:2      | Found a glowing silver altar of Zin.
  1189 | D:2      | Reached skill level 3 in Unarmed Combat
  1735 | D:3      | Noticed Terence
  1742 | D:3      | Killed Terence
  1870 | D:3      | Noticed Natasha
  1879 | D:3      | Killed Natasha
  1880 | D:3      | Reached skill level 4 in Unarmed Combat
  1880 | D:3      | Reached XP level 5. HP: 45/48 MP: 4/4
  1926 | D:3      | Found a runed translucent door.
  1927 | D:3      | Noticed Crazy Yiuf
  1973 | D:3      | Noticed Ijyb
  1985 | D:3      | Killed Ijyb
  2011 | D:3      | Noticed Robin
  2025 | D:3      | Killed Robin
  2069 | D:3      | Reached skill level 5 in Unarmed Combat
  2326 | D:3      | Noticed Natasha
  2332 | D:3      | Killed Natasha
  2333 | D:3      | Reached XP level 6. HP: 47/55 MP: 5/5
  2489 | D:3      | Noticed Natasha
  2494 | D:3      | Killed Natasha
  2648 | D:3      | Killed Crazy Yiuf
  2717 | D:4      | Reached skill level 6 in Unarmed Combat
  3013 | D:4      | Noticed Pikel
  3018 | D:4      | Reached XP level 7. HP: 62/62 MP: 6/6
  3028 | D:4      | Killed Pikel
  3029 | D:4      | Reached skill level 8 in Unarmed Combat
  3029 | D:4      | Reached XP level 8. HP: 42/70 MP: 7/7
  3082 | D:4      | Found an iron altar of Okawaru.
  3092 | D:4      | Became a worshipper of Warmaster Okawaru
  3260 | D:4      | Reached skill level 9 in Unarmed Combat
  3387 | D:4      | Found a stormy altar of Qazlal.
  3402 | D:4      | Noticed an air elemental
  3542 | D:5      | Entered Level 5 of the Dungeon
  3610 | D:5      | Found Nawiul's Weapon Shoppe.
  3641 | D:5      | Found a shadowy altar of Dithmenos.
  3642 | D:5      | Found a hazy altar of Hepliaklqana.
  3680 | D:5      | Found a staircase to the Ecumenical Temple.
  3827 | Temple   | Entered the Ecumenical Temple
  4039 | D:5      | Found a sparkling altar of Nemelex Xobeh.
  4299 | D:5      | HP: 3/70 [bullfrog (3)]
  4304 | D:5      | Reached skill level 10 in Unarmed Combat
  4473 | D:6      | Reached * piety under Okawaru
  4612 | D:6      | Found Tuics's Jewellery Emporium.
  4803 | D:6      | Found an opulent altar of Gozag.
  5039 | D:7      | Reached XP level 9. HP: 81/83 MP: 8/8
  5233 | D:7      | Found an iron altar of Okawaru.
  5235 | D:7      | Found a shimmering altar of Xom.
  5235 | D:7      | Found a sacrificial altar of Ru.
  5240 | D:7      | Found a sparkling altar of Nemelex Xobeh.
  5240 | D:7      | Found a shimmering altar of Xom.
  5240 | D:7      | Found a stormy altar of Qazlal.
  5944 | D:8      | Noticed a cyan ugly thing
  5953 | D:8      | Killed a cyan ugly thing
  5953 | D:8      | Reached ** piety under Okawaru
  5954 | D:8      | Reached skill level 5 in Dodging
  6057 | D:8      | Reached skill level 5 in Fighting
  6094 | D:8      | Noticed a troll
  6206 | D:7      | Killed a troll
  6477 | D:8      | Reached *** piety under Okawaru
  6478 | D:8      | Reached skill level 5 in Throwing
  6608 | D:8      | Found a transporter.
  6612 | D:8      | Found a transporter.
  6613 | D:8      | Noticed Eryximachus's ghost (novice OpTm)
  6913 | D:8      | Reached XP level 10. HP: 75/96 MP: 6/9
  7514 | D:9      | Found an ornate altar of the Wu Jian Council.
  7515 | D:9      | Found a burning altar of Makhleb.
  7564 | D:9      | Reached **** piety under Okawaru
  7606 | D:9      | Noticed Harold
  7607 | D:9      | Found a staircase to the Lair.
  7621 | D:9      | Killed Harold
  7796 | D:9      | Found a radiant altar of Vehumet.
  8123 | D:9      | Found a basalt altar of Yredelemnul.
  8227 | D:10     | Entered Level 10 of the Dungeon
  8302 | D:10     | Noticed Urug
  8430 | D:10     | HP: 1/98 [Urug/+5 war axe (25)]
  8434 | D:10     | Killed Urug
  8671 | D:10     | Reached ***** piety under Okawaru
  8873 | D:10     | Killed an unseen horror
  8882 | D:10     | Reached XP level 11. HP: 29/107 MP: 2/10
  9517 | D:10     | Received a gift from Okawaru
  9651 | D:10     | Got a translucent spear {god gift}
  9652 | D:10     | Identified the +4 spear of Responsibility {drain, rElec rN+
                  | MP-9} (Okawaru gifted it to you on level 10 of the Dungeon)
  9798 | D:10     | HP: 5/109 [poisoned by a killer bee]
  9802 | D:10     | HP: 2/109 [poisoned by a killer bee]
  9805 | D:10     | Succumbed to a killer bee's poison

Illustrated notes

Levels and vault maps discovered:
D:1:      minmay_arrival_cross, layout_basic, serial_glass, glass_columns_c,
          glass_columns_a
D:2:      layout_basic, lemuel_crystal_altar
D:3:      layout_basic, lemuel_another_geyser, uniq_terence, uniq_ijyb,
          uniq_natasha, uniq_crazy_yiuf_cottage, uniq_robin
D:4:      cheibrodos_fertilizer, layout_loops_ring,
          nicolae_qazlal_style_of_elements, kennysheep_okawaru_gauntlet,
          uniq_pikel
D:5:      layout_rooms, riverfiend_overflow_shadow_ancestor,
          nemelex_altar_shiori, temple_pool_b, serial_shops, shop
D:6:      layout_basic, nicolae_gozag_seed_capital,
          minmay_shop_enchanted_jewellery
D:7:      layout_loops_ring, doesnt_xom_only_xom
D:8:      layout_rooms, gammafunk_ghost_hive, minmay_puff
D:9:      minmay_goldmine, layout_cave_pools, gammafunk_temple_overflow_pools,
          general_overflow_altar, kennysheep_mini_moat, lair_entry_dummy,
          fountainhead, uniq_harold
D:10:     layout_cross, uniq_urug
D:11:     layout_loops_ring, nicolae_trove_entry_path_of_doom, special_room
          [special_room_bee], minmay_unpleasant_kobolds
Temple:   kb_corrupted_temple

Skill      XL: |  1  2  3  4  5  6  7  8  9 10 11 |
---------------+----------------------------------+-----
Throwing       | 4 6 8 |  8.3
Unarmed Combat | 1 2 4 5 6 8 10 | 10.0
Dodging        | 3 5 6 7 |  7.0
Fighting       | 3 5 6 7 |  7.0
Stealth        | |  0.4

Action                   |  1- 3 |  4- 6 |  7- 9 | 10-12 || total
-------------------------+-------+-------+-------+-------++-------
Melee: Unarmed           |    98 |   160 |   313 |   267 ||   838
       Punch             |       |     1 |     8 |    13 ||    22
Throw: Stone             |       |       |    13 |       ||    13
       Large rock        |       |       |     1 |     4 ||     5
Invok: Heroism           |       |       |       |     1 ||     1
Evoke: Wand              |       |       |       |     8 ||     8
  Use: Scroll            |       |     4 |     6 |    12 ||    22
       Potion            |       |     1 |     6 |     8 ||    15
 Stab: Sleeping          |       |       |     3 |       ||     3
Armor: Robe              |    66 |    72 |    93 |   103 ||   334
       Skin              |       |       |    23 |     9 ||    32
Dodge: Dodged            |    53 |    67 |   174 |   215 ||   509

Table legend: (Time is in decaauts)
 A = Elapsed time spent in this place.
 B = Non-inter-level travel time spent in this place.
 C = Inter-level travel time spent in this place.
 D = Time resting spent in this place.
 E = Time spent auto-exploring this place.
 F = Levels seen in this place.
 G = Mean time per level.
                   A        B        C        D        E       F      G
               +--------+--------+--------+--------+--------+-----+--------+
         Total |   9699 |   9279 |    420 |   1299 |   5966 |  12 |  808.2 |
       Dungeon |   9587 |   9184 |    403 |   1299 |   5872 |  11 |  871.5 |
        Temple |    111 |     94 |     17 |      0 |     94 |   1 |  111.0 |
               +--------+--------+--------+--------+--------+-----+--------+

Top non-repeatable levels by time:
    D:10: 1409 daAuts
     D:3: 1193 daAuts
     D:9: 1181 daAuts
     D:7: 1083 daAuts
     D:8: 990 daAuts
     D:1: 859 daAuts
     D:2: 761 daAuts
     D:5: 729 daAuts
     D:4: 712 daAuts
     D:6: 609 daAuts
  Temple: 111 daAuts
    D:11: 57 daAuts
